 Dungeon Crawl Stone Soup version 0.24-a0-139-geb6712d (console) character file.

Game seed: 18081877108694924157

18461 Duffy the Cleaver (level 12, -6/174 HPs)
             Began as a Naga Gladiator on Mar 2, 2019.
             Was a Priest of the Shining One.
             Mangled by a swamp worm (8 damage)
             ... on level 3 of the Lair of Beasts.
             The game lasted 00:23:22 (19145 turns).

Duffy the Cleaver (Naga Gladiator)                 Turns: 19145, Time: 00:23:23

Health: -6/174     AC: 14    Str: 24    XL:     12   Next: 58%
Magic:  18/18      EV: 12    Int: 13    God:    the Shining One [***...]
Gold:   526        SH:  0    Dex: 13    Spells: 11/11 levels left

rFire    + + .     SeeInvis +   b - +2 whip (elec)
rCold    . . .     Gourm    .   (no shield)
rNeg     + . .     Faith    .   i - +2 scale mail {rF+}
rPois    +         Spirit   .   c - +0 helmet
rElec    .         Reflect  .   U - +2 cloak {rF+}
rCorr    .         Harm     .   q - +0 pair of gloves
MR       +....                  (no barding)
Stlth    ..........             C - amulet of rage
HPRegen  0.39/turn              A - +2 ring of strength
MPRegen  0.16/turn              (no ring)

@: berserking, glowing, quick
A: large, see invisible, deformed body, poison resistance, slowness 2, slow
metabolism 1, spit poison 1, AC +4
a: Spit Poison, Divine Shield, Renounce Religion, Evoke Berserk Rage


You were on level 3 of the Lair of Beasts.
You worshipped the Shining One.
The Shining One was most pleased with you.
You were not hungry.

You visited 3 branches of the dungeon, and saw 14 of its levels.
You also visited: Bailey and Volcano.

You collected 575 gold pieces.
You spent 49 gold pieces at shops.

Inventory:

Hand Weapons
 a - a +0 battleaxe
 b - a +2 whip of electrocution (weapon)
 u - a +0 whip of venom
 M - a +0 war axe
 N - a +0 broad axe
 T - a +1 scimitar of flaming
Missiles
 d - 3 throwing nets (quivered)
 O - 32 tomahawks of returning
Armour
 c - a +0 helmet (worn)
 i - a +2 scale mail of fire resistance (worn)
 q - a +0 pair of gloves (worn)
 H - the +0 robe of the Enchanted Forest {rElec rPois Str+4}
   (You found it on level 8 of the Dungeon)

   It affects your strength (+4).
   It insulates you from electricity.
   It protects you from poison.
 L - a +0 robe of cold resistance
 R - +0 steam dragon scales
 U - a +2 cloak of fire resistance (worn)
Jewellery
 A - a +2 ring of strength (left hand)
 B - an uncursed ring of ice
 C - an amulet of rage (around neck)
Wands
 F - a wand of digging (10)
 G - a wand of polymorph (18)
 K - a wand of paralysis (3)
Scrolls
 g - 7 scrolls of teleportation
 h - 4 scrolls of amnesia {unknown}
 j - 2 scrolls of blinking {unknown}
 l - 6 scrolls of magic mapping {unknown}
 n - 8 scrolls of remove curse {unknown}
 r - 2 scrolls of fear {unknown}
 s - a scroll of enchant weapon {unknown}
 t - 3 scrolls of immolation {unknown}
 x - 3 scrolls of enchant armour
 y - 2 scrolls of fog
Potions
 e - 2 potions of lignification
 k - a potion of ambrosia
 m - 4 potions of flight
 o - a potion of might {unknown}
 p - a potion of cancellation
 v - 2 potions of heal wounds
 w - 6 potions of curing
 z - 4 potions of berserk rage
 E - 3 potions of haste
 J - 3 potions of brilliance
Comestibles
 f - 20 rations


   Skills:
 + Level 9.8 Fighting
 + Level 11.4 Axes
 - Level 1.7 Throwing
 + Level 9.4 Dodging
 - Level 5.0 Invocations
 - Level 8.2 Evocations


You had 11 spell levels left.
You didn't know any spells.
Your spell library contained the following spells:

 Spells                   Type           Power        Failure   Level  Hunger
 Animate Skeleton         Necr           N/A          63%         1    ##.....
 Apportation              Tloc           #.....       63%         1    ##.....
 Beastly Appendage        Tmut           #.....       63%         1    ##.....
 Confusing Touch          Hex            #.....       63%         1    ##.....
 Summon Small Mammal      Summ           #...         63%         1    ##.....
 Corpse Rot               Necr           N/A          77%         2    ###....
 Sticks to Snakes         Tmut           #.......     77%         2    ###....
 Sublimation of Blood     Necr           #.........   77%         2    ###....
 Spider Form              Tmut/Pois      #.........   94%         3    ####...
 Ice Form                 Ice/Tmut       #.......     100%        4    #####..
 Agony                    Necr           #.......     100%        5    ######.
 Blade Hands              Tmut           #.........   100%        5    ######.
 Bolt of Draining         Conj/Necr      #.........   100%        5    ######.
 Dispel Undead            Necr           #.......     100%        5    ######.
 Excruciating Wounds      Chrm/Necr      #.........   100%        5    ######.


Dungeon Overview and Level Annotations

Branches:
Dungeon (10/15)            Temple (1/1) D:6            Lair (3/6) D:10
    Orc (0/2) D:9
  Swamp: Lair:2-4    Shoals: Lair:2-4     Snake: Lair:2-4    Spider: Lair:2-4

Altars:
Ashenzari
Cheibriados
Dithmenos
Elyvilon
Fedhas
Gozag
Hepliaklqana
Kikubaaqudgha
Makhleb
Nemelex Xobeh
Okawaru
Qazlal
Ru
Sif Muna
Trog
Uskayaw
Vehumet
Wu Jian
Xom
Yredelemnul
Zin
The Shining One

Shops:
D:6 [

Annotations:
D:4 exclusion: 2 doors
Lair:1 1 runed translucent door, nikopol's ghost, journeyman TrMo
Lair:2 exclusion: oklob plant


Innate Abilities, Weirdness & Mutations

You cannot wear boots.
Your serpentine skin is tough. (AC +4)
You have supernaturally acute eyesight. (SInv)
Armour fits poorly on your strangely shaped body.
Your system is resistant to poisons. (rPois)
You cover ground very slowly.
You have a slow metabolism.
You can spit poison.


Message History

You fail to use your ability.
The bog body hits you but does no damage.
The bog body touches you. The bog body freezes you!
The swamp worm bites you but does no damage.
The bullfrog misses you.
A red film seems to cover your vision as you go berserk!
You feel yourself moving faster!
You feel mighty!
You feel a lot more hungry. The bullfrog misses you. The swamp worm bites you.
The bog body hits you but does no damage.
The bog body barely misses you.
The bullfrog hits you but does no damage.
The swamp worm closely misses you.
You whack the swamp worm!
The swamp worm is moderately wounded.
The bog body hits you but does no damage.
The bog body barely misses you.
You closely miss the swamp worm.
The swamp worm is moderately wounded.
The bullfrog hits you. The swamp worm bites you!
You die...

......[#...# .. .<
#.......#..#P..
...###..........#...
...#P...............
...............#...
.........).....#
#...........#...
#..........P...
##....@<........ .
#....wnF........ ...
#...............
....##..)........#..
...#.....%......P# .
......}}.........#
.....7..7.......#..
.....7..7.......#..
....77..77......#


You could see a bog body, a swamp worm and a bullfrog.

Vanquished Creatures
  Gastronok (D:10)
  A red draconian (Volcano)
  Harold (D:8)
  A two-headed ogre (D:8)
  A centaur warrior (Volcano)
  5 spiny frogs
  3 komodo dragons (Lair:1)
  3 yaktaurs (Volcano)
  A queen bee (D:9)
  4 hippogriffs
  8 blink frogs
  Sigmund (D:2)
  A wyvern (D:9)
  5 yaks (Lair:1)
  A steam dragon (D:10)
  A hungry ghost (D:10)
  5 water moccasins
  4 porcupines
  2 ice beasts
  10 orc warriors
  2 sky beasts (D:7)
  6 necrophages (Lair:2)
  4 ogres
  6 wolves (Lair:2)
  2 centaurs
  3 crocodiles
  8 bullfrogs
  A scorpion (D:7)
  A wyvern skeleton (D:8)
  29 killer bees
  2 electric eels (Lair:1)
  2 howler monkeys
  4 crimson imps
  2 hounds
  A gnoll shaman (D:8)
  A jelly (D:6)
  A centaur skeleton (D:6)
  5 orc priests
  2 bullfrog skeletons
  10 orc wizards
  3 iguanas
  Natasha (twice) (D:3)
  7 worker ants
  2 hound skeletons
  9 gnolls
  A howler monkey skeleton (D:8)
  9 adders
  2 shadow imps
  An adder skeleton (D:9)
  4 worms
  6 dart slugs
  7 leopard geckos
  27 orcs
  2 ball pythons
  5 giant cockroaches
  23 hobgoblins
  3 jackals (D:8)
  7 quokkas
  14 bats
  6 frilled lizards
  23 goblins
  20 kobolds
  A leopard gecko zombie (D:7)
  13 rats
348 creatures vanquished.

Vanquished Creatures (others)
  A centaur (D:8)
  7 kobolds (Bailey)
  3 fungi (Lair:1)
  9 plants (Lair:2)
20 creatures vanquished.

Grand Total: 368 creatures vanquished

Notes
Turn   | Place    | Note
-------+----------+-------------------------------------------
     0 | D:1      | Duffy the Naga Gladiator began the quest for the Orb.
     0 | D:1      | Reached XP level 1. HP: 19/19 MP: 1/1
   257 | D:1      | Reached XP level 2. HP: 26/26 MP: 2/2
   555 | D:1      | Reached skill level 4 in Axes
   614 | D:1      | Reached XP level 3. HP: 30/32 MP: 3/3
  1166 | D:2      | Noticed Sigmund
  1203 | D:2      | Killed Sigmund
  1203 | D:2      | Reached skill level 6 in Axes
  1203 | D:2      | Reached XP level 4. HP: 4/39 MP: 4/4
  1203 | D:2      | Reached XP level 5. HP: 5/45 MP: 5/5
  2163 | D:2      | Found a sacrificial altar of Ru.
  2167 | D:2      | Found a basalt altar of Yredelemnul.
  2172 | D:2      | Found a snail-covered altar of Cheibriados.
  2226 | D:2      | Reached XP level 6. HP: 52/52 MP: 6/6
  3074 | D:3      | Found a faded altar of an unknown god.
  3309 | D:3      | Reached skill level 7 in Axes
  3361 | D:3      | Noticed Natasha
  3368 | D:3      | Killed Natasha
  3670 | D:3      | Noticed Natasha
  3675 | D:3      | Killed Natasha
  4149 | D:4      | Reached XP level 7. HP: 55/60 MP: 7/7
  4234 | D:4      | Reached skill level 8 in Axes
  4753 | D:5      | Entered Level 5 of the Dungeon
  5076 | D:5      | Reached skill level 9 in Axes
  5362 | D:5      | Reached skill level 1 in Evocations
  5362 | D:5      | Reached XP level 8. HP: 67/67 MP: 8/8
  6168 | D:6      | Found an opulent altar of Gozag.
  6208 | D:6      | Found a staircase to the Ecumenical Temple.
  6214 | Temple   | Entered the Ecumenical Temple
  6221 | Temple   | Became a worshipper of the Shining One
  6257 | D:6      | Found Wysoch Goschy's Armour Shop.
  6265 | D:6      | Bought a +0 cloak for 49 gold pieces
  6335 | D:6      | Found a snail-covered altar of Cheibriados.
  6418 | D:6      | Found an iron altar of Okawaru.
  6548 | D:7      | Found a sparkling altar of Nemelex Xobeh.
  6888 | D:7      | Reached XP level 9. HP: 71/78 MP: 11/11
  7127 | D:7      | Reached skill level 10 in Axes
  7871 | D:8      | Noticed Harold
  7886 | D:8      | Killed Harold
  7886 | D:8      | Reached skill level 5 in Fighting
  7890 | D:8      | Reached skill level 5 in Evocations
  8165 | D:8      | Reached skill level 5 in Dodging
  8599 | D:8      | Got a faintly humming robe
  8669 | D:8      | Identified the +0 robe of the Enchanted Forest {rElec rPois
                  | Str+4} (You found it on level 8 of the Dungeon)
  9021 | D:9      | Reached * piety under the Shining One
  9021 | D:9      | Reached XP level 10. HP: 91/91 MP: 13/13
  9081 | D:9      | Noticed a two-headed ogre
  9517 | D:8      | Killed a two-headed ogre
  9729 | D:9      | Found a staircase to the Orcish Mines.
  9848 | D:9      | Got a twisted robe
  9859 | D:9      | Identified the +0 robe of Xoakheg {Int+3} (You found it on
                  | level 9 of the Dungeon)
 10261 | D:9      | Noticed a moth of wrath
 10264 | D:9      | Found a bloodstained altar of Trog.
 10833 | D:9      | Reached ** piety under the Shining One
 11430 | D:10     | Entered Level 10 of the Dungeon
 11562 | D:10     | Found a flagged portal.
 11645 | Bailey   | Entered a bailey
 11961 | Bailey   | Reached XP level 11. HP: 103/103 MP: 16/16
 12259 | Bailey   | Paralysed by a kobold for 5 turns
 12699 | D:10     | Noticed Gastronok
 12728 | D:10     | Killed Gastronok
 13156 | D:10     | Found a staircase to the Lair.
 14058 | Lair:1   | Entered Level 1 of the Lair of Beasts
 14058 | Lair:1   | Found a runed translucent door.
 14058 | Lair:1   | Noticed nikopol's ghost (journeyman TrMo)
 14548 | Lair:1   | Reached skill level 5 in Invocations
 16118 | Lair:1   | Reached XP level 12. HP: 29/112 MP: 18/18
 16574 | Lair:2   | Found a dark tunnel.
 16579 | Volcano  | Entered a volcano
 16808 | Volcano  | HP: 5/114 [yaktaur/bolt (1)]
 17148 | Volcano  | Noticed a centaur warrior
 17163 | Volcano  | Killed a centaur warrior
 17526 | Volcano  | Noticed a red draconian
 17541 | Volcano  | Killed a red draconian
 17541 | Volcano  | Reached skill level 11 in Axes
 18131 | Lair:2   | Reached *** piety under the Shining One
 19135 | Lair:3   | HP: 5/116 [bog body/bolt of cold (23)]
 19136 | Lair:3   | HP: 1/116 [swamp worm/harpoon shot (5)]
 19136 | Lair:3   | The Shining One protects you from harm!
 19142 | Lair:3   | HP: 5/116 [bog body (11)]
 19145 | Lair:3   | HP: 2/174 [bullfrog (2)]
 19145 | Lair:3   | Mangled by a swamp worm

Levels and vault maps discovered:
D:1:      shiori_arrival_elements, layout_basic
D:2:      minmay_wonky_spiral, layout_loops_corners,
          minmay_overflow_temple_star_quad, kennysheep_generic_room_9,
          uniq_sigmund
D:3:      cheibrodos_greedy_goblins, layout_basic,
          chequers_ecumenical_altar_simple_redux, ashenzari_altar_1, uniq_robin,
          uniq_natasha
D:4:      minmay_goblin_kobold_castle, layout_loops_ring, first_ration
D:5:      layout_loops_ring
D:6:      layout_rooms, marbit_many_paths, lemuel_round_altar,
          minmay_temple_entry_glassed_door, serial_shops,
          nicolae_shop_temple_entry_statues_fountains, kennysheep_slug_shrine
D:7:      layout_loops_corners, nicolae_overflow_crystal_walls
D:8:      corexii_shantytown, layout_loops_ring, uniq_harold
D:9:      layout_basic, tgw_trog, orc_0_dummy, special_room [special_room_bee],
          minmay_fractal_squares_diagonal_5
D:10:     lemuel_ice_spiral_2, layout_basic, lair_entry_dummy, enter_bailey_2,
          st_stairs_7, uniq_gastronok
Temple:   nicolae_temple_no_exploring_needed
Lair:1:   layout_long_grid, hellmonk_ghost_happy_afterlife,
          serial_bayou_lagoon_b, grunt_megastairs_1, infiniplex_staircase_pool_2
Lair:2:   minmay_lair_oklob_tunnel, layout_regular_city,
          nicolae_volcano_entry_s_turn, chequers_serial_rivers_room_b,
          roderic_carrion_pond
Lair:3:   layout_long_grid, nicolae_swamp_entry_splash_gauntlet,
          minmay_snake_entry_spellcaster, st_stairs_4
Bailey:   bailey_axe_4, bailey
Volcano:  volcano_pools

Skill      XL: |  1  2  3  4  5  6  7  8  9 10 11 12 |
---------------+-------------------------------------+-----
Axes           | 4 6 7 9 10 11 | 11.4
Evocations     | 1 3 5 7 8 |  8.2
Dodging        | 3 5 7 8 9 |  9.4
Fighting       | 3 6 8 9 |  9.8
Invocations    | 5 |  5.0
Throwing       | |  1.7

Action                   |  1- 3 |  4- 6 |  7- 9 | 10-12 || total
-------------------------+-------+-------+-------+-------++-------
Melee: War axe           |    87 |    56 |    23 |     2 ||   168
       Whip              |       |   136 |   355 |   631 ||  1122
Throw: Throwing net      |       |     1 |     1 |       ||     2
Invok: Divine Shield     |       |       |       |     6 ||     6
 Abil: Spit Poison       |     8 |     3 |     4 |    74 ||    89
       Evoke Berserk Rag |       |       |     1 |     8 ||     9
Evoke: Wand              |       |       |       |     4 ||     4
  Use: Scroll            |       |       |     7 |    10 ||    17
       Potion            |       |       |       |     5 ||     5
  Eat: Chunk             |       |     9 |    14 |    12 ||    35
       Ration            |       |       |       |     8 ||     8
Armor: Leather armour    |    42 |    74 |    78 |       ||   194
       Robe              |       |       |     6 |    84 ||    90
       Scale mail        |       |       |       |    81 ||    81
Dodge: Dodged            |    72 |   107 |    72 |   217 ||   468
Block: Other             |       |     5 |     2 |    13 ||    20
       Reflection        |       |     1 |    16 |    56 ||    73
       Large shield      |       |       |   228 |   416 ||   644

Table legend:
 A = Non-vault XP
 B = Vault XP
 C = Vault XP percentage of total XP
 D = Non-vault monster count
 E = Vault monster count
 F = Vault count percentage of total count
                 A         B        C        D         E       F
            +---------+---------+-------+---------+---------+-------
      Total |   14318 |   12056 |  45.7 |     226 |     130 |  36.5
            +---------+---------+-------+---------+---------+-------
        D:1 |      46 |       0 |   0.0 |      27 |       0 |   0.0
        D:2 |      81 |     240 |  74.8 |      20 |       7 |  25.9
        D:3 |     136 |      60 |  30.6 |      22 |      14 |  38.9
        D:4 |     214 |       6 |   2.7 |      15 |       4 |  21.1
        D:5 |     656 |       0 |   0.0 |      14 |       0 |   0.0
        D:6 |     538 |      46 |   7.9 |       9 |       2 |  18.2
        D:7 |     764 |       0 |   0.0 |      14 |       0 |   0.0
        D:8 |     972 |    1892 |  66.1 |      28 |      27 |  49.1
        D:9 |     654 |    2051 |  75.8 |      20 |      33 |  62.3
       D:10 |     723 |    2606 |  78.3 |      12 |       3 |  20.0
     Lair:1 |    5321 |     145 |   2.7 |      23 |       1 |   4.2
     Lair:2 |    3707 |     727 |  16.4 |      19 |       6 |  24.0
     Lair:3 |     506 |       0 |   0.0 |       3 |       0 |   0.0
     Bailey |       0 |    1121 | 100.0 |       0 |      27 | 100.0
    Volcano |       0 |    3162 | 100.0 |       0 |       6 | 100.0
            +---------+---------+-------+---------+---------+-------
